 Dungeon Crawl Stone Soup version 0.23-a0-619-g281719c (console) character file.

153 Duffy the Magician (level 5, -3/44 HPs)
             Began as a Naga Wizard on Dec 22, 2018.
             Was a Believer of Cheibriados.
             Slain by a centaur (10 damage)
             ... on level 3 of the Dungeon.
             The game lasted 00:04:12 (3543 turns).

Duffy the Magician (Naga Wizard)                    Turns: 3543, Time: 00:04:12

Health: -3/44      AC:  2    Str: 14    XL:     5   Next: 35%
Magic:  11/11      EV: 11    Int: 23    God:    Cheibriados [**....]
Gold:   214        SH:  0    Dex: 18    Spells: 3/12 levels left

rFire    . . .     SeeInvis +   t - +4 short sword
rCold    . . .     Gourm    .   (no shield)
rNeg     . . .     Faith    .   a - +0 robe
rPois    +         Spirit   .   b - +0 hat
rElec    .         Reflect  .   (no cloak)
rCorr    .         Harm     .   (no gloves)
MR       .....                  (no barding)
Stlth    ++........             (no amulet)
HPRegen  0.14/turn              i - +1 ring of evasion
MPRegen  0.12/turn              o - +5 ring of dexterity

@: very slow
A: large, see invisible, deformed body, poison resistance, slowness 2, slow
metabolism 1, spit poison 1, AC +1
a: Spit Poison, Bend Time, Renounce Religion


You were on level 3 of the Dungeon.
You worshipped Cheibriados.
Cheibriados was pleased with you.
You were not hungry.

You visited 1 branch of the dungeon, and saw 3 of its levels.

You collected 214 gold pieces.

Inventory:

Hand Weapons
 m - a +0 spear
 t - a +4 short sword (weapon)
Missiles
 n - 5 javelins (quivered)
 A - a throwing net
Armour
 a - a +0 robe (worn)
 b - a +0 hat (worn)
 v - a +0 shield
 z - a +2 ring mail of positive energy
Jewellery
 i - a +1 ring of evasion (left hand)
 o - a +5 ring of dexterity (right hand)
Scrolls
 f - a scroll of blinking {unknown}
 j - 3 scrolls of remove curse {unknown}
 k - 2 scrolls of amnesia {unknown}
 p - 2 scrolls of identify {unknown}
 q - 2 scrolls of magic mapping {unknown}
 s - a scroll of enchant armour {unknown}
 w - a scroll of fear {unknown}
 y - a scroll of fog {unknown}
Potions
 c - a potion of brilliance {unknown}
 e - 3 potions of lignification {unknown}
 g - a potion of curing {unknown}
 h - a potion of might {unknown}
 l - a potion of heal wounds {unknown}
 r - a potion of invisibility {unknown}
 u - a potion of haste {unknown}
Comestibles
 d - 6 rations


   Skills:
 + Level 1.3 Fighting
 - Level 1.5 Dodging
 - Level 3.0 Stealth
 + Level 0.6 Shields
 + Level 4.1 Spellcasting
 + Level 3.2 Conjurations
 - Level 1.0 Summonings
   Level 1.0 Translocations
 + Level 0.2 Invocations


You had 3 spell levels left.
You knew the following spells:

 Your Spells              Type           Power        Failure   Level  Hunger
h - Magic Dart            Conj           ###.         2%          1    None
i - Call Imp              Summ           #.......     11%         2    #......
l - Conjure Flame         Conj/Fire      ##......     16%         3    ##.....
o - Mephitic Cloud        Conj/Pois/Air  #.......     21%         3    ##.....

Your spell library contained the following spells:

 Spells                   Type           Power        Failure   Level  Hunger
 Blink                    Tloc           N/A          11%         2    #......
 Slow                     Hex            #.......     16%         2    #......


Dungeon Overview and Level Annotations

Branches:
Dungeon (3/15)

Altars:
Cheibriados
Dithmenos
Trog
Wu Jian
Xom


Innate Abilities, Weirdness & Mutations

You cannot wear boots.
Your serpentine skin is tough. (AC +1)
You have supernaturally acute eyesight. (SInv)
Armour fits poorly on your strangely shaped body.
Your system is resistant to poisons. (rPois)
You cover ground very slowly.
You have a slow metabolism.
You can spit poison.


Message History

You see here an adder skeleton.
You feel sick.
You feel sick.
You feel sick.
You are no longer poisoned.
Eating a chunk of flesh.
You eat the chunk of flesh.
This raw flesh tastes terrible.
A rat comes into view.
A centaur comes into view.
The centaur wields a +0 shortbow.
The centaur shoots an arrow.
The arrow hits you!
You see here an arrow.
The centaur shoots an arrow.
The arrow closely misses you. The rat closely misses you.
The centaur shoots an arrow.
The arrow hits you!
The centaur shoots an arrow.
The arrow hits you!
You see here 3 arrows.
The centaur unwields a +0 shortbow.
The centaur closely misses you. The centaur hits you!
You die...

#.# #.# #.....#...#.#.###..#### #.#
#(# #.....#####.#.....##
#.###.#######...........#.###.###
............##....#####.#.#<....###
#.###.#####.......# #.#.)(.....#.
#.# #.# ###.....# #.#..(.>..... #.#
#.# #...##.(# #.#.......... #.#
#.#####.#####.# ..#.(......). #.#
#.##....# #@# ###........%)
#.###....#### ###c# ............
.......### #..r# ###..........
.....### #....# #....<..... .....#
#....# #.......... .....# #....#
#.......... .....# ####.#
#.........# ###### #.# .......##
#.. .....#


You could see a centaur and a rat.

Vanquished Creatures
  Terence (D:1)
  3 adders
  3 oozes
  A worm (D:3)
  3 dart slugs (D:3)
  2 leopard geckos
  3 orcs (D:3)
  6 bats
  3 giant cockroaches
  9 goblins
  6 hobgoblins
  7 jackals (D:1)
  7 kobolds
  5 frilled lizards
  A rat (D:1)
60 creatures vanquished.

Vanquished Creatures (collateral kills)
  A worm (D:3)
  4 orcs (D:3)
  A hobgoblin (D:3)
  A kobold (D:3)
7 creatures vanquished.

Grand Total: 67 creatures vanquished

Notes
Turn   | Place    | Note
-------+----------+-------------------------------------------
     0 | D:1      | Duffy the Naga Wizard began the quest for the Orb.
     0 | D:1      | Reached XP level 1. HP: 15/15 MP: 4/4
   317 | D:1      | Reached XP level 2. HP: 22/22 MP: 3/6
   701 | D:1      | Reached XP level 3. HP: 28/28 MP: 4/7
   758 | D:1      | Learned a level 3 spell: Conjure Flame
   762 | D:1      | Learned a level 3 spell: Mephitic Cloud
  1042 | D:2      | Noticed Terence
  1061 | D:1      | Killed Terence
  1252 | D:1      | Reached XP level 4. HP: 15/36 MP: 3/9
  1463 | D:1      | Learned a level 2 spell: Call Imp
  1466 | D:2      | Found a shimmering altar of Xom.
  1491 | D:2      | Found a snail-covered altar of Cheibriados.
  1512 | D:2      | Became a worshipper of Cheibriados the Contemplative
  1859 | D:2      | Reached skill level 4 in Spellcasting
  1860 | D:2      | Found an ornate altar of the Wu Jian Council.
  2001 | D:2      | Found a shadowy altar of Dithmenos.
  2206 | D:3      | Reached * piety under Cheibriados
  2213 | D:3      | Reached skill level 1 in Fighting
  2586 | D:3      | Reached XP level 5. HP: 20/44 MP: 4/11
  3076 | D:3      | Found a bloodstained altar of Trog.
  3097 | D:3      | Reached ** piety under Cheibriados
  3539 | D:3      | Noticed a centaur
  3543 | D:3      | Slain by a centaur

Vault maps used:
D:1:      kennysheep_arrival_seaside
D:2:      xom_teletrap_fun, lemuel_round_altar, overflow_temple_1_default,
          minmay_misc_feat_ornament, st_stairs_7, grunt_dithmenos_smoke,
          uniq_terence
D:3:      roderic_lattice_a, trog_hazing_becter

Skill      XL: |  1  2  3  4 |
---------------+-------------+-----
Conjurations   | 2 3 |  3.2
Spellcasting   | 4 |  4.1
Fighting       | 1 |  1.3
Dodging        | |  1.5
Stealth        | |  3.0
Shields        | |  0.6
Summonings     | |  1.0
Translocations | |  1.0
Invocations    | |  0.2

Action                   |  1- 3 |  4- 6 || total
-------------------------+-------+-------++-------
Melee: Spear             |    14 |    39 ||    53
       Short sword       |       |    55 ||    55
 Cast: Magic Dart        |    40 |    26 ||    66
       Mephitic Cloud    |     4 |       ||     4
       Call Imp          |       |     8 ||     8
 Abil: Spit Poison       |     6 |       ||     6
 Stab: Confused          |     4 |       ||     4
       Sleeping          |       |     2 ||     2
  Eat: Chunk             |     1 |     5 ||     6
Armor: Robe              |     7 |    17 ||    24
Dodge: Dodged            |    28 |    97 ||   125

Table legend:
 A = Non-vault XP
 B = Vault XP
 C = Vault XP percentage of total XP
 D = Non-vault monster count
 E = Vault monster count
 F = Vault count percentage of total count
                 A         B        C        D         E       F
            +---------+---------+-------+---------+---------+-------
      Total |     171 |      48 |  21.9 |      59 |       8 |  11.9
            +---------+---------+-------+---------+---------+-------
        D:1 |      59 |      36 |  37.9 |      23 |       1 |   4.2
        D:2 |      43 |       1 |   2.3 |      15 |       1 |   6.2
        D:3 |      69 |      11 |  13.8 |      21 |       6 |  22.2
            +---------+---------+-------+---------+---------+-------
